 Dungeon Crawl Stone Soup version 0.28.0-45-g0d030f2227 (webtiles) character file.

Game seed: 17879617221933508533

11538 Zeld the Stormcaller (level 11, -20/54 HPs)
             Began as a Tengu Air Elementalist on Apr 7, 2022.
             Was a Believer of Vehumet.
             Demolished by an orc knight
             ... wielding a +1 vorpal great mace
              (33 damage)
             ... on level 11 of the Dungeon.
             The game lasted 00:19:55 (16415 turns).

Zeld the Stormcaller (Tengu Air Elementalist)      Turns: 16415, Time: 00:19:56

Health: -20/54     AC: 10    Str:  9    XL:     11   Next: 79%
Magic:  3/36       EV: 14    Int: 20    God:    Vehumet [**....]
Gold:   1399       SH:  0    Dex: 14    Spells: 22/32 levels left

rFire   . . .      SeeInvis .   (no weapon)
rCold   . . .      Faith    .   (no shield)
rNeg    . . .      Spirit   .   K - +3 leather armour
rPois   .          Reflect  .   (helmet restricted)
rElec   .          Harm     .   s - +2 cloak
rCorr   .          Rampage  .   f - +0 pair of gloves
Will    .....      Archmagi +   (boots unavailable)
Stlth   ++........              (no amulet)
HPRegen 0.18/turn               m - ring of magical power
MPRegen 0.25/turn               q - ring of the Mage {Wiz Archmagi}

@: flying quickly and evasively, quick
A: beak, talons 3, nimble flight
a: Renounce Religion


You were on level 11 of the Dungeon.
You worshipped Vehumet.
Vehumet was pleased with you.
You visited 2 branches of the dungeon, and saw 12 of its levels.
You also visited: Sewer.

You collected 1544 gold pieces.
You spent 145 gold pieces at shops.

Inventory:

Armour
 f - a +0 pair of gloves (worn)
 s - a +2 cloak (worn)
 K - a +3 leather armour (worn)
Jewellery
 m - a ring of magical power (left hand)
 q - the ring of the Mage (right hand) {Wiz Archmagi}
   (You found it on level 2 of the Dungeon)

   [ring of wizardry]

   It improves your spell success rate.
   Archmagi:  It increases the power of your magical spells.
 u - a ring of poison resistance
Wands
 t - a wand of iceblast (17)
 z - a wand of paralysis (10)
 H - a wand of flame (18)
 I - a wand of digging (6)
Scrolls
 a - a scroll of identify
 d - 2 scrolls of holy word
 g - 3 scrolls of teleportation
 i - 2 scrolls of fear
 p - 2 scrolls of fog
 w - 2 scrolls of magic mapping
 x - 3 scrolls of blinking {unknown}
 y - 4 scrolls of amnesia
 A - a scroll of summoning {unknown}
 B - 2 scrolls of enchant weapon {unknown}
 G - a scroll of noise {unknown}
Potions
 b - 3 potions of berserk rage {unknown}
 c - a potion of resistance {unknown}
 e - 3 potions of brilliance {unknown}
 j - a potion of haste {unknown}
 k - 2 potions of curing {unknown}
 l - 3 potions of magic {unknown}
 n - a potion of attraction {unknown}
 v - 2 potions of cancellation {unknown}
 C - a potion of mutation {unknown}
 D - a potion of degeneration {unknown}
 E - a potion of invisibility {unknown}
 F - 2 potions of heal wounds {unknown}
Miscellaneous
 J - a lightning rod (2/4)


   Skills:
 - Level 3.0 Dodging
 - Level 3.0 Stealth
 * Level 11.4 Spellcasting
 - Level 10.0 Conjurations
 - Level 15.0 Air Magic


You had 22 spell levels left.
You knew the following spells:

 Your Spells              Type           Power      Damage    Failure   Level
a - Shock                 Conj/Air       100%       1d9       1%          1
b - Static Discharge      Conj/Air       75%        N/A       1%          2
c - Swiftness             Air            82%        N/A       1%          3
d - Airstrike             Air            41%        N/A       1%          4

Your spell library contained the following spells:

 Spells                   Type           Power      Damage    Failure   Level
 Ignite Poison            Fire/Tmut/Pois 17%        N/A       11%         3
 Corpse Rot               Necr/Air       100%       N/A       1%          2
 Poisonous Vapours        Pois/Air       100%       N/A       1%          2
 Dazzling Flash           Conj/Hex       94%        N/A       1%          3
 Iskenderun's Mystic Bla  Conj/Tloc      47%        2d10      4%          4
 Sticky Flame             Conj/Fire      47%        2d6       4%          4
 Tukima's Dance           Hex            17%        N/A       11%         3
 Anguish                  Hex/Necr       8%         N/A       32%         4
 Dispel Undead            Necr           17%        3d10      32%         4
 Starburst                Conj/Fire      23%        6d8       52%         6
 Enfeeble                 Hex            8%         N/A       100%        7


Dungeon Overview and Level Annotations

Branches:
Dungeon (11/15)            Temple (1/1) D:7            Lair (0/6) D:10
    Orc (0/2) D:10          Sewer (visited)

Altars:
Ashenzari
Cheibriados
Dithmenos
Elyvilon
Fedhas
Gozag
Hepliaklqana
Kikubaaqudgha
Makhleb
Nemelex Xobeh
Okawaru
Qazlal
Ru
Sif Muna
Trog
Uskayaw
Vehumet
Wu Jian
Xom
Yredelemnul
Zin
The Shining One

Shops:
D:5 =   D:9 [


Innate Abilities, Weirdness & Mutations

You have a beak for a mouth.
You have claws for feet.
Your magical nature lets you fly swiftly and evasively.


Message History

You see here a yak corpse.
Aiming: Thunderbolt
Press: ? - help, Shift-Dir - straight line, f/p - orc knight
Aim: an orc knight, wielding a +1 vorpal great mace and wearing a +0 plate armour (heavily wounded)
The thunderbolt hits the orc knight.
The orc knight is heavily wounded.
Unknown command.
Aiming: Thunderbolt
Press: ? - help, Shift-Dir - straight line, f/p - orc knight
Aim: an orc knight, wielding a +1 vorpal great mace and wearing a +0 plate armour (heavily wounded)
The thunderbolt hits the orc knight!
The orc knight is severely wounded.
The orc knight hits you with a +1 vorpal great mace.
Unknown command.
Casting: Airstrike (safe; 1% risk of failure)
Confirm with . or Enter, or press ? or * to list all spells.
Aiming: Airstrike (safe; 1% risk of failure)
Press: ? - help, Dir - move target, f/p - orc knight
Aim: an orc knight, wielding a +1 vorpal great mace and wearing a +0 plate armour (severely wounded, empty space bonus: 2/8)
You feel a surge of power!
The air twists around and strikes the orc knight!
The orc knight is almost dead.
Casting: Airstrike (safe; 1% risk of failure)
Confirm with . or Enter, or press ? or * to list all spells.
Aiming: Airstrike (safe; 1% risk of failure)
Press: ? - help, Dir - move target, f/p - orc knight
Aim: an orc knight, wielding a +1 vorpal great mace and wearing a +0 plate armour (severely wounded, empty space bonus: 1/8)
You feel a surge of power!
The air twists around and strikes the orc knight!
The orc knight is almost dead.
The orc knight hits you with a +1 vorpal great mace!!
Ouch! That really hurt!
* * * LOW HITPOINT WARNING * * *
Okay, then.
As you read the scroll of fear, it crumbles to dust.
You assume a fearsome visage.
The orc knight resists with some effort.
The orc knight hits you with a +1 vorpal great mace!!
Ouch! That really hurt!
You die...

#.# ###.# ..# #.†.# #.#
#.#.# #.# #.#o# #.# #.#.#
####.# #.#.#
#....########.#.######
#.###.###.o.......#.......
#.......#@################
#####..##.# #...#.#####
#.........# #.####.##.##.#
##.##>...)..#..#.#
.........##.......#
..........#.......#
###)#.....#.......#


You could see an orc knight.

Vanquished Creatures
  A hydra (D:11)
  3 two-headed ogres
  A skeletal warrior (D:9)
  Psyche (D:9)
  2 kobold demonologists (D:11)
  3 trolls (D:10)
  Prince Ribbit (D:9)
  A vampire (D:9)
  4 yaks
  A wyvern (D:10)
  A basilisk (D:9)
  A warg (D:11)
  A steam dragon (D:9)
  2 water moccasins
  2 ice beasts (D:6)
  2 sky beasts
  4 orc warriors
  2 black bears
  A necrophage (D:5)
  2 ogres (D:6)
  A wolf (D:9)
  6 centaurs
  A phantom (D:6)
  8 kobold brigands
  A scorpion (D:6)
  2 bullfrogs
  A gnoll sergeant (D:10)
  A water moccasin skeleton (D:6)
  4 killer bees (D:11)
  8 wights (D:8)
  6 electric eels (D:10)
  4 centaur zombies
  A bullfrog zombie (D:5)
  A jelly (D:7)
  6 hounds
  A gnoll shaman (D:6)
  10 orc priests
  2 bullfrog skeletons
  3 iguanas
  8 orc wizards
  2 killer bee zombies
  3 howler monkey zombies (D:9)
  12 gnolls
  8 adders
  A river rat (Sewer)
  A shadow imp (D:5)
  A white imp (D:7)
  An ufetubus (D:6)
  8 worms
  2 dart slugs
  43 orcs
  13 endoplasms
  8 goblins
  9 hobgoblins
  7 jackals
  2 quokkas (D:2)
  3 ball pythons
  4 bats
  6 frilled lizards
  24 kobolds
  11 rats
280 creatures vanquished.

Notes
Turn   | Place    | Note
-------+----------+-------------------------------------------
     0 | D:1      | Zeld the Tengu Air Elementalist began the quest for the
                  | Orb.
     0 | D:1      | Reached XP level 1. HP: 10/10 MP: 4/4
   246 | D:1      | Found a faded altar of an unknown god.
   271 | D:1      | Reached XP level 2. HP: 15/15 MP: 0/6
  1512 | D:2      | Reached XP level 3. HP: 19/19 MP: 3/7
  1515 | D:2      | Learned a level 2 spell: Static Discharge
  1519 | D:2      | Learned a level 3 spell: Swiftness
  2269 | D:2      | Found the ring of the Mage {Wiz Archmagi}
  2333 | D:2      | Reached XP level 4. HP: 24/24 MP: 8/8
  2505 | D:3      | Reached skill level 5 in Air Magic
  2665 | D:3      | Gained mutation: Your magical nature lets you fly swiftly
                  | and evasively. [Tengu growth]
  2665 | D:3      | Reached XP level 5. HP: 28/28 MP: 8/10
  3241 | D:4      | Found a glowing golden altar of the Shining One.
  3277 | D:4      | Found a glowing drain.
  3286 | Sewer    | Entered a sewer
  3292 | Sewer    | Learned a level 4 spell: Airstrike
  3348 | Sewer    | Noticed a kobold brigand
  3354 | Sewer    | Killed a kobold brigand
  3809 | Sewer    | Reached XP level 6. HP: 32/32 MP: 12/12
  3813 | Sewer    | Reached skill level 6 in Air Magic
  4646 | D:4      | Reached XP level 7. HP: 36/36 MP: 10/14
  4811 | D:4      | Reached skill level 7 in Air Magic
  4898 | D:4      | Found a shimmering altar of Xom.
  4916 | D:4      | Found a hazy altar of Hepliaklqana.
  5202 | D:4      | Found an ornate altar of the Wu Jian Council.
  5256 | D:5      | Entered Level 5 of the Dungeon
  5317 | D:5      | Found a blossoming altar of Fedhas.
  5390 | D:5      | Identified the ring of Interdependent Arising {rF- Will+
                  | Dex+6 SInv Stlth+}
  5765 | D:5      | Found Diel's Jewellery Emporium.
  5963 | D:5      | Found an iron altar of Okawaru.
  5973 | D:5      | Noticed a two-headed ogre
  5978 | D:5      | Killed a two-headed ogre
  5979 | D:5      | Reached skill level 5 in Conjurations
  5979 | D:5      | Reached skill level 9 in Air Magic
  5979 | D:5      | Reached XP level 8. HP: 41/41 MP: 5/18
  6172 | D:5      | Found a shadowy altar of Dithmenos.
  6451 | D:6      | Reached skill level 10 in Air Magic
  6451 | D:6      | Reached XP level 9. HP: 45/45 MP: 10/19
  7803 | D:7      | Found a staircase to the Ecumenical Temple.
  7815 | Temple   | Entered the Ecumenical Temple
  7863 | Temple   | Became a worshipper of Vehumet
  8241 | D:7      | Reached skill level 11 in Air Magic
  8985 | D:8      | Found a stormy altar of Qazlal.
  9018 | D:8      | Reached * piety under Vehumet
  9018 | D:8      | Offered knowledge of Magic Dart by Vehumet.
  9623 | D:8      | Reached XP level 10. HP: 41/50 MP: 23/23
 10012 | D:8      | Reached skill level 12 in Air Magic
 10229 | D:9      | Noticed a skeletal warrior
 10909 | D:9      | Noticed a two-headed ogre
 11269 | D:9      | Found a hazy altar of Hepliaklqana.
 11308 | D:9      | Noticed Psyche
 11311 | D:9      | Killed Psyche
 12009 | D:9      | Noticed Prince Ribbit
 12012 | D:9      | Killed Prince Ribbit
 12118 | D:9      | Killed a skeletal warrior
 12119 | D:9      | Reached skill level 13 in Air Magic
 12323 | D:9      | Found Bush's Antique Armour Boutique.
 12329 | D:9      | Bought a glowing leather armour for 145 gold pieces
 12352 | D:9      | Killed a two-headed ogre
 12404 | D:9      | Identified a scroll of acquirement
 12412 | D:9      | Acquired 989 gold pieces
 12726 | D:10     | Entered Level 10 of the Dungeon
 12894 | D:10     | Reached XP level 11. HP: 54/54 MP: 10/25
 13557 | D:10     | Reached skill level 14 in Air Magic
 13633 | D:10     | Offered knowledge of Scorch by Vehumet.
 13651 | D:10     | Found a staircase to the Lair.
 13961 | D:10     | Reached ** piety under Vehumet
 14096 | D:10     | Reached skill level 10 in Spellcasting
 14549 | D:10     | Found a shadowy altar of Dithmenos.
 14776 | D:10     | Found a staircase to the Orcish Mines.
 14872 | D:10     | Reached skill level 10 in Conjurations
 15800 | D:11     | Noticed an eight-headed hydra
 15806 | D:11     | Killed an eight-headed hydra
 15807 | D:11     | Reached skill level 15 in Air Magic
 15904 | D:11     | Offered knowledge of Ignite Poison by Vehumet.
 15928 | D:11     | Noticed a two-headed ogre
 16143 | D:11     | Killed a two-headed ogre
 16376 | D:11     | Noticed an orc knight
 16415 | D:11     | Demolished by an orc knight

Illustrated notes

Levels and vault maps discovered:
D:1:      dpeg_arrival_renting, layout_basic, chequers_ecumenical_altar_island,
          minmay_misc_feat_nine_boxes
D:2:      layout_loops_cross, grunt_decor_arrowhead, minmay_heptomino_d4
D:3:      layout_basic, st_stairs_12
D:4:      layout_cave_pools, mainiacjoe_overflow_boulevard,
          mainiacjoe_overflow_catwalk, mainiacjoe_overflow_big_doors,
          cheibrodos_sewer_entry_bend
D:5:      layout_gridville, kennysheep_mini_moat, serial_shops, shop,
          hangedman_feature_mirror, corexii_corridor_pit
D:6:      layout_rooms
D:7:      layout_basic, minmay_temple_entry_sparse_star
D:8:      layout_basic, mainiacjoe_overflow_brackets
D:9:      layout_irregular_city, serial_shops, shop, minmay_ruined_shrine,
          uniq_psyche, uniq_prince_ribbit1
D:10:     layout_basic, grunt_dithmenos_smoke, erik_lair_island, david_orc_4,
          hangedman_abyss_or_decor_clamps
D:11:     layout_basic, serial_curves, eino_curves_03, eino_curves_01,
          eino_curves_01, lemuel_flamethrower_2
Temple:   regret_index_temple_waves

Skill      XL: |  1  2  3  4  5  6  7  8  9 10 11 |
---------------+----------------------------------+-----
Conjurations   | 2 3 5 6 7 9 10 | 10.0
Air Magic      | 5 6 9 10 11 13 15 | 15.0
Spellcasting   | 3 4 6 8 9 11 | 11.4
Dodging        | 3 |  3.0
Stealth        | 3 |  3.0

Action                   |  1- 3 |  4- 6 |  7- 9 | 10-12 || total
-------------------------+-------+-------+-------+-------++-------
Melee: Unarmed           |     4 |       |       |    16 ||    20
       Kick              |     1 |       |       |     7 ||     8
       Peck              |       |       |       |     5 ||     5
 Cast: Shock             |    78 |   110 |    46 |    19 ||   253
       Airstrike         |       |    17 |   114 |   218 ||   349
Evoke: Wand              |       |       |       |     4 ||     4
       Lightning rod     |       |       |       |     4 ||     4
  Use: Scroll            |       |       |     4 |     9 ||    13
Armor: Robe              |     6 |     3 |     2 |     1 ||    12
       Leather armour    |       |       |       |    19 ||    19
Dodge: Dodged            |     9 |    11 |     9 |    39 ||    68
